 Dungeon Crawl Stone Soup version 0.27-a0-887-gcab673c142 (webtiles) character file.

Game seed: 18237222166501221169

102 timneilson the Shield-Bearer (level 4, -3/29 HPs)
             Began as a Gargoyle Fighter on Apr 5, 2021.
             Killed from afar by Sigmund (4 damage)
             ... with a magic dart
             ... on level 3 of the Dungeon.
             The game lasted 00:03:00 (2164 turns).

timneilson the Shield-Bearer (Gargoyle Fighter)     Turns: 2164, Time: 00:03:00

Health: -3/29      AC: 11    Str: 21    XL:     4   Next: 78%
Magic:  4/4        EV:  7    Int:  8    God:
Gold:   121        SH: 10    Dex:  9    Spells: 3/3 levels left

rFire    . . .     SeeInvis .   l - +1 long sword (holy)
rCold    . . .     Faith    .   c - +1 kite shield
rNeg     + . .     Spirit   .   b - +0 scale mail
rPois    ∞         Reflect  .   i - +0 helmet
rElec    +         Harm     .   (no cloak)
rCorr    .         Rampage  .   (no gloves)
Will     .....                  (no boots)
Stlth    ..........             (no amulet)
HPRegen  0.09/turn              (no ring)
MPRegen  0.09/turn              (no ring)

@: no status effects
A: AC +3, negative energy resistance 1, electricity resistance, torment
resistance 1, unbreathing 1, petrification resistance
a: no special abilities


You were on level 3 of the Dungeon.
You visited 1 branch of the dungeon, and saw 3 of its levels.

You collected 121 gold pieces.

Inventory:

Hand Weapons
 a - a +0 vorpal long sword
 l - a +1 long sword of holy wrath (weapon)
Armour
 b - a +0 scale mail (worn)
 c - a +1 kite shield (worn)
 i - a +0 helmet (worn)
Scrolls
 d - a scroll of enchant weapon {unknown}
Potions
 e - a potion of berserk rage
 f - a potion of resistance
 g - a potion of heal wounds {unknown}
 k - a potion of flight {unknown}


   Skills:
 + Level 3.7 Fighting
 * Level 2.7 Long Blades
 * Level 4.2 Armour
 * Level 4.2 Shields


You had 3 spell levels left.
You didn't know any spells.
Your spell library was empty.

Dungeon Overview and Level Annotations

Branches:
Dungeon (3/15)

Altars:

Annotations:
D:3 Sigmund


Innate Abilities, Weirdness & Mutations

Your stone body is resilient. (AC +3)
You are immune to poison.
You resist negative energy. (rN+)
You are resistant to electric shocks. (rElec)
You are resistant to unholy torment.
You can survive without breathing.
You are immune to petrification.


Message History

You closely miss the quokka. You barely miss the quokka.
You block the quokka's attack. Something hits you. The quokka bites you.
Something hits you.
* * * LOW HITPOINT WARNING * * *
You barely miss the quokka. You block the quokka's attack.
Something hits you but does no damage.
The quokka bites you but does no damage.
You hit the quokka.
The quokka is heavily wounded.
Something hits you but does no damage. The quokka barely misses you.
Something hits you.
* * * LOW HITPOINT WARNING * * *
You block the quokka's attack.
You feel better. You block the quokka's attack. Something hits you!
* * * LOW HITPOINT WARNING * * *
You feel better. The quokka closely misses you. Something hits you.
You closely miss the quokka.
The quokka is heavily wounded.
The quokka bites you but does no damage.
Something hits you but does no damage. You block the quokka's attack.
You barely miss the quokka.
The quokka is heavily wounded.
Something hits you.
* * * LOW HITPOINT WARNING * * *
You block the quokka's attack. x2; Something hits you but does no damage.
You closely miss the quokka.
The quokka is heavily wounded.
You block the quokka's attack. Something hits you.
* * * LOW HITPOINT WARNING * * *
The quokka bites you but does no damage.
You closely miss the quokka.
The quokka is heavily wounded.
You block something's attack. You block the quokka's attack.
Something hits you.
* * * LOW HITPOINT WARNING * * *
You slash the quokka!
You kill the quokka!
A magic dart appears from out of thin air!
The magic dart hits you.
You die...

####### #.....# #.....#
#.....# ... ..=.. ...
... ... #{#### #.#
#†##)## #.# #@#.#.###.#
##..###.##.# ###
...............######..
###..##..##.#.))....#..
#....#.#.##)#...#.#..
##.#. ..# #.#.#......
....## #.#...#.#).
#.### #.##.##.#.. #.
#.......#..


There were no monsters in sight!

Vanquished Creatures
  An orc wizard (D:3)
  4 worms (D:2)
  2 dart slugs (D:1)
  4 orcs (D:3)
  8 ball pythons
  10 bats
  3 endoplasms
  A giant cockroach (D:3)
  5 goblins
  5 hobgoblins
  2 kobolds
  2 quokkas
  4 frilled lizards
  5 rats
56 creatures vanquished.

Notes
Turn   | Place    | Note
-------+----------+-------------------------------------------
     0 | D:1      | timneilson the Gargoyle Fighter began the quest for the
                  | Orb.
     0 | D:1      | Reached XP level 1. HP: 14/14 MP: 1/1
   183 | D:1      | Reached XP level 2. HP: 19/19 MP: 2/2
   318 | D:1      | You fall into a shaft and drop 1 floor!
   483 | D:1      | Reached XP level 3. HP: 21/23 MP: 3/3
   572 | D:1      | Found a faded altar of an unknown god.
  1427 | D:2      | Reached XP level 4. HP: 26/28 MP: 4/4
  2149 | D:3      | Noticed Sigmund
  2163 | D:3      | HP: 1/29 [something (1)]
  2164 | D:3      | Killed from afar by Sigmund

Illustrated notes

Levels and vault maps discovered:
D:1:      lightli_arrival_chessboard, layout_rooms,
          shapermc_ecumenical_altar_starsandcircs
D:2:      layout_loops_ring
D:3:      layout_loops_cross, grunt_temple_overflow_lords_of_destruction,
          marbit_many_paths, gammafunk_temple_overflow_claw, serial_shops, shop,
          uniq_sigmund

Skill      XL: |  1  2  3  4 |
---------------+-------------+-----
Long Blades    | 2 |  2.7
Shields        | 4 |  4.2
Armour         | 4 |  4.2
Fighting       | |  3.7

Action                   |  1- 3 |  4- 6 || total
-------------------------+-------+-------++-------
Melee: Long sword        |   141 |    60 ||   201
  Use: Scroll            |     2 |     5 ||     7
       Potion            |     1 |     2 ||     3
Armor: Scale mail        |   110 |    56 ||   166
Dodge: Dodged            |    56 |    17 ||    73
Block: Kite shield       |    98 |    47 ||   145
       Rpst.: Long sword |    15 |     6 ||    21

Table legend: (Time is in decaauts)
 A = Elapsed time spent in this place.
 B = Non-inter-level travel time spent in this place.
 C = Inter-level travel time spent in this place.
 D = Time resting spent in this place.
 E = Time spent auto-exploring this place.
 F = Levels seen in this place.
 G = Mean time per level.
                   A        B        C        D        E       F      G
               +--------+--------+--------+--------+--------+-----+--------+
         Total |   2267 |   2222 |     45 |      0 |   1706 |   3 |  755.7 |
       Dungeon |   2267 |   2222 |     45 |      0 |   1706 |   3 |  755.7 |
               +--------+--------+--------+--------+--------+-----+--------+

Top non-repeatable levels by time:
     D:2: 1179 daAuts
     D:1: 726 daAuts
     D:3: 361 daAuts
